AoeStats
← Efthiron

Arabia

504529945Analyzed
1v1 RM · 28d ago on Sep 5, 2026· 48m 38s· 2 players
Game mode
Random Map
Map size
Tiny (2 player)
Population
200
Speed
Normal
Resources
Standard
Victory
Conquest
Starting age
Dark Age
Ending age
Imperial Age
RankedLock teamsTeams togetherTeam positionsShared explorationLock speedFull tech treeHidden civsTurbo modeCheats
Victory
Defeat
🇻🇪 Bohemians · Venezuela
1323
+14
🇲🇽 Bengalis · Mexico
1281
-14
Efthiron
6:32 Loom
10:29 Feudal Age
13:21 Double-Bit Axe
20:09 Castle Age
18:47 Scale Barding Armor
19:44 Wheelbarrow
20:18 Bloodlines
20:23 Horse Collar
20:13 Light Cavalry
22:34 Bow Saw
22:38 Heavy Plow
23:02 Town Watch
25:30 Husbandry
25:17 Town Watch
26:13 Forging
27:32 Chain Barding Armor
28:36 Iron Casting
36:28 Gold Mining
37:55 Fletching
41:20 Imperial Age
39:08 Hand Cart
39:49 Bodkin Arrow
43:17 Plate Barding Armor
43:43 Blast Furnace
44:25 Bracer
GokoshiJr
6:43 Loom
7:09 Loom
10:11 Feudal Age
15:57 Castle Age
14:22 Double-Bit Axe
14:20 Horse Collar
22:02 Wheelbarrow
24:18 Sanctity
25:45 Chemistry
25:08 Fervor
28:09 Fletching
29:09 Ballistics
28:32 Pikeman
29:12 Squires
29:13 Bodkin Arrow
31:46 Town Watch
37:12 Imperial Age
37:22 Redemption
37:13 Atonement
39:22 Conscription
40:01 Halberdier
46:34 Arrowslits
46:42 Guard Tower
47:30 Houfnice
48:58 Bracer
48:58 Padded Archer Armor
48:59 Scale Mail Armor
49:04 Scale Barding Armor
49:10 Forging
Connection lost

Rejoining the realm…

Still unreachable

The connection could not be restored.

Session expired

The server has moved on; the page needs a fresh start.